 Dungeon Crawl Stone Soup version 0.25-a0-404-gc1b5a34292 (webtiles) character file.

Game seed: 14665835516862644110, levelgen mode: deterministic

216 night the Chopper (level 5, -2/50 HPs)
             Began as a Hill Orc Monk on Jan 11, 2020.
             Slain by a shadow imp (3 damage)
             ... summoned by Natasha
             ... on level 2 of the Dungeon.
             The game lasted 00:03:49 (2569 turns).

night the Chopper (Hill Orc Monk)                   Turns: 2569, Time: 00:03:50

Health: -2/50      AC: 12    Str: 15    XL:     5   Next: 93%
Magic:  5/5        EV:  4    Int: 10    God:
Gold:   112        SH:  0    Dex: 13    Spells: 4/4 levels left

rFire    . . .     SeeInvis .   a - +0 hand axe
rCold    . . .     Gourm    .   (no shield)
rNeg     . . .     Faith    .   g - +0 plate armour
rPois    .         Spirit   .   k - +0 helmet
rElec    .         Reflect  .   o - +0 cloak
rCorr    .         Harm     .   (no gloves)
MR       .....                  (no boots)
Stlth    ..........             (no amulet)
HPRegen  0.16/turn              (no ring)
MPRegen  0.09/turn              (no ring)

@: lightly drained
A: no striking features
a: no special abilities


You were on level 2 of the Dungeon.
You were not hungry.

You visited 1 branch of the dungeon, and saw 2 of its levels.

You collected 112 gold pieces.

Inventory:

Hand Weapons
 a - a +0 hand axe (weapon)
Missiles
 h - 2 boomerangs (quivered)
 i - 21 sling bullets
 j - 106 stones
Armour
 b - a +0 robe
 g - a +0 plate armour (worn)
 k - a +0 helmet (worn)
 o - a +0 cloak (worn)
Scrolls
 e - a scroll of identify {unknown}
 l - a scroll of teleportation {unknown}
 m - a scroll of enchant weapon {unknown}
 n - a scroll of fear {unknown}
Potions
 d - 2 potions of agility {unknown}
Comestibles
 c - 9 rations
 f - 2 chunks of flesh


   Skills:
 + Level 6.0(5.9) Fighting
 + Level 6.6(6.5) Axes
 - Level 2.4(2.3) Dodging
 - Level 1.5(1.4) Stealth


You had 4 spell levels left.
You didn't know any spells.
Your spell library was empty.

Dungeon Overview and Level Annotations

Branches:
Dungeon (2/15)

Altars:

Annotations:
D:2 Natasha


Message History

You hit the shadow imp but do no damage.
The shadow imp picks up a beetle and eats it.
The shadow imp hits you but does no damage.
Something completely misses you.
You barely miss something. You hit the shadow imp.
The shadow imp closely misses you. Something claws you.
You hit something. You hit the shadow imp. The shadow imp gestures at you.
You barely resist. Something claws you.
* * * LOW HITPOINT WARNING * * *
Your plate armour prevents you from hitting something.
Your plate armour prevents you from hitting the shadow imp.
The shadow imp gestures at you. Pain shoots through your body!
* * * LOW HITPOINT WARNING * * *
You hear some strange, mumbled words.
You miss something. You hit the iron imp.
Your plate armour prevents you from hitting the shadow imp.
The shadow imp hits you.
You die...

######## #......#
#########......# #
#......##......#.#
#......##........#
#......##.?....#
#.....5####.####
#...†..@{...#
#.....5######
######.# #.# #.#
#.# #.#
#.#################
#.................#


You could see an iron imp and a shadow imp.

Vanquished Creatures
  A scorpion (D:2)
  Crazy Yiuf (D:2)
  Natasha (twice) (D:2)
  Robin (D:2)
  2 worms (D:2)
  A dart slug (D:2)
  A leopard gecko (D:2)
  A bat zombie (D:1)
  6 giant cockroaches (D:1)
  18 goblins
  10 hobgoblins
  2 jackals (D:1)
  4 kobolds (D:1)
  2 ball pythons (D:1)
  7 bats
  2 frilled lizards (D:1)
  A leopard gecko zombie (D:1)
  6 rats
68 creatures vanquished.

Notes
Turn   | Place    | Note
-------+----------+-------------------------------------------
     0 | D:1      | night the Hill Orc Monk began the quest for the Orb.
     0 | D:1      | Reached XP level 1. HP: 19/19 MP: 1/1
   100 | D:1      | Reached XP level 2. HP: 25/27 MP: 2/2
   588 | D:1      | Reached XP level 3. HP: 34/34 MP: 3/3
   820 | D:1      | Reached skill level 5 in Axes
  1193 | D:2      | Noticed Robin
  1227 | D:2      | Reached XP level 4. HP: 20/41 MP: 4/4
  1239 | D:2      | Killed Robin
  1519 | D:2      | Reached skill level 5 in Fighting
  1605 | D:2      | Reached XP level 5. HP: 32/48 MP: 5/5
  1898 | D:2      | Noticed Natasha
  1903 | D:2      | Killed Natasha
  1980 | D:2      | Noticed Natasha
  2001 | D:2      | Killed Natasha
  2089 | D:2      | Found a runed translucent door.
  2228 | D:2      | Noticed Crazy Yiuf
  2244 | D:2      | Killed Crazy Yiuf
  2541 | D:2      | Noticed Natasha
  2568 | D:2      | HP: 1/50 [shadow imp/nerve-wracking pain[Natasha] (12)]
  2569 | D:2      | Slain by a shadow imp

Levels and vault maps discovered:
D:1:      saegor_arrival_fortress, layout_loops_ring,
          chequers_serial_rivers_room_a, minmay_worlds_worst_comb
D:2:      layout_basic, first_ration, uniq_robin, uniq_crazy_yiuf_cottage,
          uniq_natasha

Skill      XL: |  1  2  3  4  5 |
---------------+----------------+-----
Fighting       | 4 5 6 |  6.0
Axes           | 5 6 |  6.6
Dodging        | |  2.4
Stealth        | |  1.5

Action                   |  1- 3 |  4- 6 || total
-------------------------+-------+-------++-------
Melee: Hand axe          |   142 |   153 ||   295
  Use: Potion            |       |     2 ||     2
 Stab: Sleeping          |     3 |       ||     3
  Eat: Chunk             |     1 |     5 ||     6
Armor: Robe              |    22 |       ||    22
       Plate armour      |    61 |    77 ||   138
Dodge: Dodged            |    68 |    29 ||    97

Table legend:
 A = Non-vault XP
 B = Vault XP
 C = Vault XP percentage of total XP
 D = Non-vault monster count
 E = Vault monster count
 F = Vault count percentage of total count
                 A         B        C        D         E       F
            +---------+---------+-------+---------+---------+-------
      Total |     189 |     120 |  38.8 |      49 |      19 |  27.9
            +---------+---------+-------+---------+---------+-------
        D:1 |      44 |       7 |  13.7 |      27 |       4 |  12.9
        D:2 |     145 |     113 |  43.8 |      22 |      15 |  40.5
            +---------+---------+-------+---------+---------+-------
